Semilg, lawful female dwarven Valkyrie -------------- ----.--....--...----- --................--.-- --.....................|--- -.- |................--....|..| --- ........| |..--............---......-- |.---- ........- -------...----..-|...|.....-- --..|.-- -.......-------------------...|.--|......| |......| -.....c.@W@.....G..G....<.......|--.....-- ---....| |...%...d.----------------..----.|-.....-- |-..-- .C...--.....-- |..| --|.....-- ---|...-- .|.------....- ---- --...-- ---.---...| -..| |..--.. |..-- |....--..-| ..| ---- . --..| |.........-- |...-- |.........)| -....----......|..-- ...............----- ---------.|...| ----.-- --- Semilg the Skirmisher Experience level: 5 Strength: 16 Dexterity: 16 Constitution: 20 Intelligence: 7 Wisdom: 10 Charisma: 9 Health: 0(83) Energy: 0(0) Def: 10 Gold: 318 Moves: 6617 Dungeon seed: g5Znhv1d-B8MIN5s Game ID: Semilg_1570444849 Your Inventory: Coins $ - 318 gold pieces Weapons a - an uncursed +1 long sword u - the uncursed +1 Sunsword (weapon in hand) C - a blessed +1 trident D - a blessed +1 orcish dagger U - an uncursed +0 orcish short sword W - an uncursed +0 crossbow (alternate weapon; not wielded) X - 4 uncursed +0 crossbow bolts (in quiver) Armor e - an uncursed +3 small shield (being worn) n - an uncursed +0 orcish chain mail (being worn) q - an uncursed +0 pair of elven boots (being worn) t - an uncursed +0 orcish helm (being worn) z - a blessed +0 orcish cloak (being worn) Comestibles A - an uncursed pear F - an uncursed apple P - an uncursed clove of garlic Scrolls p - an uncursed scroll of identify w - an uncursed scroll of remove curse y - a blessed scroll of enchant armor Q - an uncursed scroll of summoning S - an uncursed scroll of blank paper Potions f - a blessed potion of gain energy m - an uncursed potion of see invisible o - an uncursed potion of hallucination x - an uncursed potion of extra healing H - an uncursed potion of booze Wands B - an uncursed wand of cold (0:5) Tools b - an uncursed mirror d - an uncursed oil lamp (0:0) g - an uncursed stethoscope s - an uncursed skeleton key v - an uncursed sack I - an uncursed wooden flute K - an uncursed stethoscope M - an uncursed magic whistle N - an uncursed brass lantern (0:62) O - 6 uncursed tallow candles (0:200) Gems r - an uncursed worthless piece of white glass E - an uncursed worthless piece of yellowish brown glass Y - an uncursed luckstone Spells and supernatural/magical abilities: Name Level Category Cost Memory W - pray for help -- divine ? -- Your skills at the end: Fighting Skills wands [Basic] Weapon Skills dagger [Basic] long sword [Basic] Spellcasting Skills Final Attributes: You were piously aligned. You were immune to cold. You were cancelled. You were telepathic. You had infravision. You were stealthy. You were lucky. You had extra luck. Bad luck did not time out for you. Good luck did not time out for you. You last prayed 3600 turns ago. Tyr was noncommittal. You are dead. Vanquished creatures: a chameleon a leprechaun 3 brown puddings 2 chickatrices a dingo a housecat a dust vortex an ape 4 fire ants a bugbear 2 imps 2 Mordor orcs 2 Uruk-hai 2 orc shamans 2 rock piercers 2 rock moles a fog cloud a yellow light 2 shriekers a golden naga hatchling 2 gray oozes an elf zombie a ghoul 2 straw golems a paper golem a baby crocodile 5 giant ants a little dog a floating eye 3 kittens a kobold shaman 5 rothes a rabid rat 2 giant bats a wererat 5 iguanas 3 gas spores a large kobold a hobgoblin 9 giant rats a cave spider 3 brown molds 2 yellow molds a red mold 10 gnomes 2 gnome zombies 4 geckos 10 jackals 3 foxes 2 kobolds 2 goblins 8 sewer rats 4 grid bugs 4 lichens 6 newts 142 creatures vanquished. Voluntary challenges: You used a wielded weapon 165 times, starting on turn 129. You read items or engraved 4 times, starting on turn 2958. You never genocided any monsters. You never polymorphed an object. You never changed form. You used no wishes. You split 2 puddings, starting on turn 5480. You never wrote Elbereth's name. You never violated your personal moral code. Dungeon overview: The Dungeons of Doom: levels 1 to 3 Level 1 a long staircase Level 2 stairs to The Gnomish Mines Level 3 The Gnomish Mines: levels 3 to 9 Level 3 stairs to The Dungeons of Doom Level 4 Level 5 many shops, a temple to Tyr, some fountains Level 6 Level 7 Level 8 Level 9 <- You were here History has recorded: On T:1 you entered the Dungeons of Doom to retrieve the Amulet of Yendor! On T:45 you reached level 2 of The Dungeons of Doom. On T:399 you advanced to experience level 2. On T:437 you reached level 1 of The Gnomish Mines. On T:661 you reached level 3 of The Dungeons of Doom. On T:1097 you reached level 2 of The Gnomish Mines. On T:1365 you reached level 3 of The Gnomish Mines. On T:1550 you advanced to experience level 3. On T:1926 you advanced to experience level 4. On T:2078 you reached level 4 of The Gnomish Mines. On T:3118 you reached level 5 of The Gnomish Mines. On T:3129 you advanced to experience level 5. On T:4714 you reached level 6 of The Gnomish Mines. On T:4866 you advanced to experience level 6. On T:5007 you reached level 7 of The Gnomish Mines. On T:5539 you advanced to experience level 7. Score breakdown: Gold: 318 ( 8517 points) Experience: 5 levels (11141 points) Exploration: 9 levels ( 18.75%) (12377 points) Discoveries: 20 items ( 8.00%) ( 8485 points) Valuables value: (no points given unless you survive) Artifact value: 1500 (10804 points) Variety of kills: 55 monsters ( 14.47%) (11413 points) Turncount: 6617 turns (-1768 points) Survival: died (score multiplied by 80%) Total score: 48775 Latest messages: The wraith doesn't feel cold. The bolt of cold hits it. It doesn't feel cold. The wraith touches you! You are now wielding your long sword named Sunsword. The long sword named Sunsword begins to glow brilliantly! The wraith touches you! You miss the wraith. The wraith touches you! You hit the wraith! The wraith touches you! Farvel level 6. As you read the scroll, it disappears. Your long sword named Sunsword glows blue for a moment. (You can name a scroll labeled XIXAXA XOXAXA XUXAXA from the item naming menu.) The wraith touches you! You die... The sack is empty. The sack is empty. Your body rises from the dead as a wraith... Final status: Farvel Semilg the Valkyrie, killed by a wraith... You died in The Gnomish Mines on dungeon level 9 with 48775 points, and 318 pieces of gold, after 6617 moves. You were level 5 with a maximum of 83 hit points when you died.